 Dungeon Crawl Stone Soup version 0.21-a0-324-gfc3775b (webtiles) character file.

14532 Skalas the Unseen (level 11, -1/55 HPs)
             Began as a Spriggan Enchanter on Oct 1, 2017.
             Was a Believer of Dithmenos.
             Slain by a death knight
             ... wielding a +4 halberd of venom
              (23 damage)
             ... on level 11 of the Dungeon.
             The game lasted 00:37:12 (17298 turns).

Skalas the Unseen (Spriggan Enchanter)             Turns: 17298, Time: 00:37:13

Health: -1/55      AC:  6    Str:  6    XL:     11   Next: 89%
Magic:  14/25      EV: 25    Int: 28    God:    Dithmenos [**....]
Gold:   657        SH:  0    Dex: 16    Spells: 17/29 levels left

rFire    + . .     SeeInvis +   r - +9 short sword "Xazoschu" {pierce, *Noise rF+ Int+4}
rCold    . . .     Gourm    .   (shield restricted)
rNeg     . . .     Faith    .   b - +2 robe
rPois    +         Spirit   .   (helmet restricted)
rElec    .         Reflect  .   I - +1 cloak
rCorr    .         Harm     .   (gloves unavailable)
MR       ++...                  (boots unavailable)
Stlth    +++++++++.             h - amulet of rage
HPRegen  0.18/turn              A - ring of protection from magic
MPRegen  0.19/turn              n - ring of poison resistance

@: brilliant, wreathed by umbra, very quick
A: unfitting armour, see invisible, herbivore 3, speed 3, slow metabolism 2
a: Shadow Step, Renounce Religion, Evoke Berserk Rage


You were on level 11 of the Dungeon.
You worshipped Dithmenos.
Dithmenos was pleased with you.
You were not hungry.

You visited 2 branches of the dungeon, and saw 12 of its levels.
You also visited: Sewer.

You collected 657 gold pieces.

Inventory:

Hand Weapons
 a - a +2 dagger of electrocution
 c - a +2 dagger of venom
 r - the +9 short sword "Xazoschu" (weapon) {pierce, *Noise rF+ Int+4}
   (You found it on level 7 of the Dungeon)

   It inflicts extra damage upon your enemies.
   It affects your intelligence (+4).
   It protects you from fire.
   It may make noises in combat.
 y - a +2 dagger of holy wrath
 D - the +5 lajatang of Peroyhag {holy, rF+ Dex+9}
   (You found it on level 8 of the Dungeon)

   It has been blessed by the Shining One to cause great damage to the undead
   and demons.
   It affects your dexterity (+9).
   It protects you from fire.
 G - a cursed -3 dagger
Missiles
 q - a throwing net (quivered)
Armour
 b - a +2 robe (worn)
 o - the scarf of Honour {Stlth+}
   (You found it on level 4 of the Dungeon)

   It makes you more stealthy.
 I - a +1 cloak (worn)
Jewellery
 g - the ring of Qeaklid {*Tele Str+2 Dex+4}
   (You found it on level 8 of the Dungeon)

   [ring of teleportation]

   It may teleport you next to monsters.
   It affects your strength (+2).
   It affects your dexterity (+4).
 h - an amulet of rage (around neck)
 i - an uncursed ring of positive energy
 n - a ring of poison resistance (right hand)
 A - a ring of protection from magic (left hand)
 B - an uncursed ring of flight
Wands
 f - a wand of paralysis (7/24)
 C - a wand of paralysis (10/24)
Scrolls
 e - 3 scrolls of fog
 l - 3 scrolls of remove curse
 p - 4 scrolls of fear
 t - 3 scrolls of recharging
 u - 6 scrolls of teleportation
 v - 3 scrolls of amnesia
 E - a scroll of blinking
 F - a scroll of magic mapping
Potions
 j - 3 potions of agility
 k - a potion of brilliance
 m - a potion of resistance
 s - 3 potions of might
 w - a potion of magic
 x - 6 potions of haste
 z - 2 potions of curing
 H - a potion of lignification
 J - a potion of mutation {unknown}
Books
 K - a book of Minor Magic

   Spells                             Type                      Level
   a - Magic Dart                     Conjuration                  1
   b - Blink                          Translocation                2
   c - Call Imp                       Summoning                    2
   d - Slow                           Hexes                        2
   e - Conjure Flame                  Conjuration/Fire             3
   f - Mephitic Cloud                 Conjuration/Poison/Air       3
Comestibles
 d - 8 bread rations


   Skills:
 + Level 5.1 Fighting
 + Level 6.5 Short Blades
 + Level 9.2 Dodging
 + Level 17.7 Stealth
 + Level 9.5 Spellcasting
 + Level 10.2 Hexes


You had 17 spell levels left.
You knew the following spells:

 Your Spells              Type           Power        Failure   Level  Hunger
a - Ensorcelled Hibernat  Hex/Ice        ######       1%          2    None
b - Corona                Hex            ######.      1%          1    None
c - Confuse               Hex            ######..     1%          3    None
d - Tukima's Dance        Hex            ######..     1%          3    None
e - Dazzling Spray        Conj/Hex       ######       1%          3    None


Dungeon Overview and Level Annotations

Branches:
Dungeon (11/15)            Temple (1/1) D:7            Lair (0/6) D:10
    Orc (0/2) D:10

Altars:
Ashenzari
Cheibriados
Dithmenos
Elyvilon
Fedhas
Gozag
Hepliaklqana
Kikubaaqudgha
Makhleb
Nemelex Xobeh
Okawaru
Qazlal
Ru
Sif Muna
Trog
Uskayaw
Vehumet
Wu Jian
Xom
Yredelemnul
Zin
The Shining One

Shops:
D:6 %   D:10 =

Annotations:
D:11 Sonja


Innate Abilities, Weirdness & Mutations

You are very small and have problems with some larger weapons.
You are too small for most types of armour.
You have supernaturally acute eyesight. (SInv)
You are a herbivore.
You cover ground extremely quickly.
You need consume almost no food.


Message History

You see here 2 curare-tipped needles.
You are too injured to fight recklessly!
The death knight seems less confused.
The death knight completely misses you.
You hit the death knight but do no damage.
The death knight is almost dead.
Unknown command.
Unknown command.
Unknown command.
Unknown command.
You hit the death knight but do no damage.
The death knight is almost dead.
The death knight calls down the wrath of Yredelemnul upon you.
You resist with almost no effort.
You closely miss the death knight.
The death knight is almost dead.
The death knight completely misses you.
You hit the death knight.
The death knight is almost dead.
The death knight hits you with a halberd of venom!!
You die...

#.........# #######..
#.........# #))#.#.#.#.#
#.........###...........
#
#.........#....#.##+##.#
##. '.........'.#.)..#
..... #.........###..#.+
.#.# #.........# #....#
... ##+########
####.##+##†##
#p@...((..# ##.#.#.#.##
#.###.### #.# #.# #.#
#.# #.. ... ... .K. #..
...


You could see a death knight.

Vanquished Creatures
  Erolcha (D:11)
  6 two-headed ogres
  The ghost of ohados the Charmwright, a novice GnSk of Ashenzari (D:6)
  A phantasmal warrior (D:11)
  An elephant (D:10)
  2 cyclopes
  Psyche (D:9)
  A troll (D:9)
  Grinder (D:4)
  Prince Ribbit (D:6)
  2 hippogriffs
  Sigmund (D:6)
  A spriggan (D:8)
  2 wyverns
  2 wraiths (D:11)
  Eustachio (D:6)
  Grum (D:9)
  2 basilisks (D:10)
  Menkaure (D:4)
  3 vampire mosquitoes (D:9)
  A steam dragon (D:9)
  A water moccasin (D:6)
  Duvessa (D:6)
  A hornet zombie (D:9)
  2 eyes of draining
  An ice beast (D:11)
  A black bear (D:7)
  2 phantoms
  5 sky beasts
  2 ogres
  4 wolves (D:9)
  9 centaurs
  3 big kobolds
  4 bullfrogs
  4 scorpions
  Dowan (D:6)
  6 killer bees
  2 howler monkeys
  3 crimson imps
  A bullfrog zombie (D:5)
  4 jellies
  A centaur skeleton (D:9)
  6 orc priests
  3 hounds
  Jessica (D:3)
  Terence (D:2)
  An iguana (D:6)
  11 orc wizards
  6 worker ants
  A hound skeleton (D:9)
  A worker ant zombie (D:10)
  3 gnolls
  A howler monkey skeleton (D:6)
  17 adders
  3 river rats (D:4)
  3 shadow imps
  An ooze (D:3)
  2 worms (D:4)
  2 dart slugs
  6 leopard geckos
  33 orcs
  7 giant cockroaches
  5 goblins
  6 hobgoblins
  12 jackals
  10 quokkas
  5 ball pythons
  6 bats
  6 frilled lizards
  A jackal zombie (D:6)
  17 kobolds
  A leopard gecko zombie (D:7)
  7 rats
  4 plants (Sewer)
280 creatures vanquished.

Vanquished Creatures (collateral kills)
  An orc warrior (D:9)
1 creature vanquished.

Vanquished Creatures (others)
  2 dancing weapons
2 creatures vanquished.

Grand Total: 283 creatures vanquished

Notes
Turn   | Place    | Note
-------+----------+-------------------------------------------
     0 | D:1      | Skalas the Spriggan Enchanter began the quest for the Orb.
     0 | D:1      | Reached XP level 1. HP: 9/9 MP: 5/5
   333 | D:1      | Reached XP level 2. HP: 13/13 MP: 7/7
   373 | D:1      | Learned a level 2 spell: Ensorcelled Hibernation
  1102 | D:2      | Noticed Terence
  1544 | D:2      | Reached XP level 3. HP: 16/16 MP: 9/9
  1549 | D:2      | Learned a level 3 spell: Confuse
  1553 | D:2      | Learned a level 3 spell: Tukima's Dance
  2202 | D:2      | Killed Terence
  2202 | D:2      | Reached skill level 5 in Hexes
  2202 | D:2      | Reached XP level 4. HP: 21/21 MP: 1/11
  2440 | D:2      | Found an opulent altar of Gozag.
  3145 | D:3      | Found a shattered altar of Ashenzari.
  3153 | D:3      | Reached XP level 5. HP: 24/24 MP: 2/13
  3287 | D:3      | Found a sacrificial altar of Ru.
  3339 | D:3      | Reached skill level 5 in Spellcasting
  3644 | D:3      | Noticed Jessica
  3652 | D:3      | Killed Jessica
  4450 | D:3      | Learned a level 3 spell: Dazzling Spray
  4813 | D:4      | Reached XP level 6. HP: 28/28 MP: 15/15
  4901 | D:4      | Found a glowing golden altar of the Shining One.
  5187 | D:4      | Found a glowing drain.
  5203 | Sewer    | Entered a sewer
  6561 | D:4      | Noticed Menkaure
  6594 | D:4      | Killed Menkaure
  6594 | D:4      | Reached skill level 6 in Stealth
  6594 | D:4      | Reached XP level 7. HP: 32/32 MP: 9/17
  6810 | D:4      | Reached skill level 7 in Stealth
  6967 | D:4      | Got a faintly glowing scarf
  6973 | D:4      | Identified the scarf of Honour {Stlth+} (You found it on level 4 of the Dungeon)
  7021 | D:4      | Noticed Grinder
  7028 | D:4      | Killed Grinder
  7028 | D:4      | Reached skill level 9 in Stealth
  7770 | D:4      | Reached skill level 10 in Stealth
  7777 | D:4      | Reached XP level 8. HP: 32/36 MP: 18/18
  8138 | D:5      | Entered Level 5 of the Dungeon
  8192 | D:5      | Reached skill level 11 in Stealth
  8652 | D:5      | Reached skill level 12 in Stealth
  9098 | D:6      | Noticed Eustachio
  9105 | D:6      | Killed Eustachio
  9105 | D:6      | Reached skill level 13 in Stealth
  9177 | D:6      | Noticed ohados's ghost (novice GnSk)
  9235 | D:6      | Killed ohados's ghost
  9235 | D:6      | Reached skill level 14 in Stealth
  9235 | D:6      | Reached XP level 9. HP: 39/39 MP: 2/19
  9543 | D:6      | Noticed Prince Ribbit
  9547 | D:6      | Reached skill level 15 in Stealth
  9550 | D:6      | Killed Prince Ribbit
  9835 | D:6      | Found Senipratui's Food Shop.
 10105 | D:6      | Noticed Sigmund
 10113 | D:6      | Killed Sigmund
 10113 | D:6      | Reached skill level 1 in Fighting
 10563 | D:6      | Noticed Duvessa
 10567 | D:6      | Noticed Dowan
 10569 | D:6      | Killed Dowan
 10980 | D:6      | Killed Duvessa
 11014 | D:6      | Reached skill level 16 in Stealth
 11130 | D:7      | Got a smoking short sword
 11131 | D:7      | Identified the +9 short sword "Xazoschu" {pierce, *Noise rF+ Int+4} (You found it on level 7 of the Dungeon)
 11791 | D:7      | Found a staircase to the Ecumenical Temple.
 11951 | Temple   | Entered the Ecumenical Temple
 11960 | Temple   | Became a worshipper of Dithmenos the Shadowed
 12318 | D:7      | Found an ornate altar of the Wu Jian Council.
 12346 | D:8      | Found a bloodstained altar of Trog.
 12350 | D:8      | Got an ancient lajatang
 12407 | D:8      | Noticed a two-headed ogre
 12980 | D:8      | Reached XP level 10. HP: 47/47 MP: 21/21
 13016 | D:8      | Noticed a two-headed ogre
 13021 | D:8      | Killed a two-headed ogre
 13021 | D:8      | Reached skill level 5 in Dodging
 13246 | D:8      | Noticed a two-headed ogre
 13257 | D:8      | Killed a two-headed ogre
 13566 | D:8      | Reached * piety under Dithmenos
 13743 | D:8      | Got a scorched lapis lazuli ring
 13745 | D:8      | Identified the ring of Qeaklid {*Tele Str+2 Dex+4} (You found it on level 8 of the Dungeon)
 14124 | D:9      | Found a blossoming altar of Fedhas.
 14156 | D:9      | Noticed Grum
 14190 | D:10     | Entered Level 10 of the Dungeon
 14193 | D:10     | Found a staircase to the Lair.
 14345 | D:10     | Noticed an elephant
 14351 | D:9      | Noticed a cyclops
 14371 | D:9      | Killed Grum
 15011 | D:9      | Noticed a centaur warrior
 15028 | D:9      | Reached skill level 5 in Short Blades
 15028 | D:9      | Reached XP level 11. HP: 23/53 MP: 19/24
 15228 | D:9      | Noticed Psyche
 15235 | D:9      | Killed Psyche
 15235 | D:9      | Reached ** piety under Dithmenos
 15245 | D:9      | Reached skill level 17 in Stealth
 15552 | D:9      | Noticed a two-headed ogre
 15557 | D:9      | Killed a two-headed ogre
 15568 | D:9      | Identified the +5 lajatang of Peroyhag {holy, rF+ Dex+9} (You found it on level 8 of the Dungeon)
 15654 | D:9      | Noticed a two-headed ogre
 15669 | D:9      | Killed a two-headed ogre
 15928 | D:9      | Found a shimmering altar of Xom.
 16002 | D:9      | Noticed a two-headed ogre
 16018 | D:9      | Killed a two-headed ogre
 16197 | D:10     | Found a staircase to the Orcish Mines.
 16558 | D:10     | Found Ysohad's Jewellery Shoppe.
 16647 | D:10     | Killed a two-headed ogre
 16876 | D:10     | Reached skill level 10 in Hexes
 17187 | D:11     | Noticed Erolcha
 17189 | D:11     | Killed Erolcha
 17189 | D:11     | Reached skill level 5 in Fighting
 17254 | D:11     | Noticed a death knight
 17267 | D:11     | Noticed Sonja
 17269 | D:11     | Noticed a phantasmal warrior
 17288 | D:11     | Killed a phantasmal warrior
 17298 | D:11     | Slain by a death knight

Vault maps used:
D:1:      nicolae_arrival_somewhat_less_tricky_arrival
D:2:      nicolae_gozag_cash_rules_everything_around_me, uniq_terence
D:3:      lemuel_crystal_altar, ashenzari_conservatory_becter, uniq_jessica
D:4:      nicolae_tso_carved_into_rock, lightli_sewer_entry_pipes, first_bread,
          uniq_menkaure, uniq_grinder
D:6:      serial_shops, shop_fountains, uniq_duvessa, uniq_eustachio,
          uniq_prince_ribbit1, uniq_sigmund
D:7:      kennysheep_little_box, minmay_temple_entry_fiery
D:8:      the_bakery, bloody_trog
D:9:      cheibrodos_barr_body, tgw_xom, lemuel_doored_altar, uniq_psyche,
          uniq_grum
D:10:     david_lair_generic, orc_0_dummy, serial_shops, shop,
          mrwooster_statue_mirror
D:11:     minmay_misc_feat_doors, uniq_snorg, uniq_josephine, uniq_erolcha,
          uniq_sonja
Temple:   minmay_freezing_vapour_temple
Sewer:    sewer_co_scattered_pipes

Skill      XL: |  1  2  3  4  5  6  7  8  9 10 11 |
---------------+----------------------------------+-----
Spellcasting   | 3 4 5 6 7 8 9 |  9.5
Hexes          | 4 5 6 7 8 9 10 | 10.2
Stealth        | 6 10 14 16 17 | 17.7
Fighting       | 2 4 5 |  5.1
Short Blades   | 2 5 6 |  6.5
Dodging        | 4 7 9 |  9.2

Action                   |  1- 3 |  4- 6 |  7- 9 | 10-12 || total
-------------------------+-------+-------+-------+-------++-------
Melee: Dagger            |    99 |   387 |   225 |    57 ||   768
       Short sword       |       |       |    22 |   213 ||   235
 Cast: Ensorcelled Hiber |    12 |    52 |    25 |    47 ||   136
       Dazzling Spray    |       |     6 |     5 |     4 ||    15
       Tukima's Dance    |       |     3 |       |     2 ||     5
       Confuse           |       |     4 |    18 |    29 ||    51
       Corona            |       |     1 |       |       ||     1
 Abil: Evoke Berserk Rag |     5 |     2 |     1 |       ||     8
Evoke: Wand              |     3 |       |       |       ||     3
  Use: Scroll            |     8 |     5 |     8 |     6 ||    27
       Potion            |       |       |     1 |     3 ||     4
 Stab: Sleeping          |    17 |    35 |    37 |    38 ||   127
       Confused          |       |     1 |    11 |    12 ||    24
       Distracted        |       |     1 |     1 |     4 ||     6
       Invisible         |       |       |     4 |     1 ||     5
  Eat: Fruit             |     1 |     6 |       |       ||     7
       Royal jelly       |     1 |     1 |       |     1 ||     3
       Bread ration      |       |     1 |     1 |       ||     2
Armor: Robe              |     9 |    18 |    14 |     3 ||    44
Dodge: Dodged            |    78 |   258 |   131 |   228 ||   695

Table legend:
 A = Spawn XP
 B = Non-spawn XP
 C = Spawn XP percentage of total XP
 D = Spawn monster count
 E = Non-spawn monster count
 F = Spawn count percentage of total count
 G = Total turns spent on level
                    A         B        C        D         E        F      G
               +---------+---------+-------+---------+---------+-------+---------
         Total |       0 |   20760 |   0.0 |       0 |     277 |   0.0 | 17298
               +---------+---------+-------+---------+---------+-------+---------
           D:1 |       0 |      27 |   0.0 |       0 |      16 |   0.0 |  1051
           D:2 |       0 |     147 |   0.0 |       0 |      25 |   0.0 |  1934
           D:3 |       0 |     162 |   0.0 |       0 |      29 |   0.0 |  1826
           D:4 |       0 |    1042 |   0.0 |       0 |      33 |   0.0 |  2071
           D:5 |       0 |     660 |   0.0 |       0 |      11 |   0.0 |  1060
           D:6 |       0 |    2586 |   0.0 |       0 |      25 |   0.0 |  1874
           D:7 |       0 |     646 |   0.0 |       0 |      19 |   0.0 |  1255
           D:8 |       0 |    2954 |   0.0 |       0 |      23 |   0.0 |  1473
           D:9 |       0 |    6886 |   0.0 |       0 |      44 |   0.0 |  2212
          D:10 |       0 |    2717 |   0.0 |       0 |      13 |   0.0 |   953
          D:11 |       0 |    2860 |   0.0 |       0 |      15 |   0.0 |   318
         Sewer |       0 |      73 |   0.0 |       0 |      24 |   0.0 |  1256
               +---------+---------+-------+---------+---------+-------+---------
